Unix NetHack Version 5.0.0-0 post-release - last build Jun 10 2026 00:39:30 (3ee93aec679c4c4259841fe613dc97188e26a321,branch:main).

Game began 2026-06-23 03:14:04, ended 2026-06-23 04:36:04.

FalseGod, neutral female human Healer

  -----
  |<..---  ----               -------
  |.)...---|...               |.....|
  --..|....|.-                |.._..|
   --.|-.....---              |..`..|
    --|.........|             ---|---
      ----.|....|               |[|               --+-.
         -----..|..             |.|              -......
             |..|...           --.-.             .......
             --......          ....----          ...{...
              |.......         .......|   |.|    -.......
              ----....-------  ..--...|   |[|------....---
          ---...-|...-|..|..|  ..|..---...|.--..|...|....|------
         ........|..--|`.|.`| ......|-....|........---...-|.%(?|    ---
         .............-|--.[-.---..--..........--....|-.[.-.(((|   |...|
         ...{....----...............|...G.......|-...|...-|.%(.| |.|...|
         ........   --+--.---------.........--..|........|------ |.--|--
         .......        |)|.(((|  --.......-----|...|....|--------.....|
          ..---         |.-..([|   ---...---     -..|...--......|..@{@@+
                        --|./.(|     -----        ----.....----....@@..|
                          ------                     -------  ----------
FalseGod the Embalmer        St:12 Dx:9 Co:15 In:10 Wi:14 Ch:18  Neutral
Dlvl:6  $:1554 HP:0(59) Pw:2(27) AC:2  Xp:6 T:2960  Hungry  

Latest messages:
 You feel much better.
 The Woodland-elf thrusts his runed dagger.
 The Woodland-elf hits!
 The Woodland-elf swings her runed broadsword.
 The Woodland-elf hits!
 What do you want to use or apply? [hosBOXY or ?*] s
 In what direction? .
 Status of FalseGod (piously neutral):  Level 6  HP 23(59)  AC 2.
 Something is written here in the dust.
 You read: "El]ereth".
 You see no objects here.
 In what direction? .
 You feel better.
 The Woodland-elf thrusts his runed dagger.
 The Woodland-elf hits!
 The Woodland-elf thrusts his runed short sword.
 The Woodland-elf hits!
 The Woodland-elf swings her runed broadsword.
 The Woodland-elf hits!
 What do you want to drink? [defH or ?*] f
 You feel much better.
 The Woodland-elf thrusts his runed dagger.
 The Woodland-elf hits!
 The Woodland-elf thrusts his runed short sword.
 The Woodland-elf hits!
 The Woodland-elf swings her runed broadsword.
 The Woodland-elf misses!
 What do you want to write with? [- ahBGKLS or ?*] -
 Do you want to add to the current engraving? [ynq] (y) n
 You wipe out the message that was written in the dust here.
 You write in the dust with your fingertip.
 What do you want to write in the dust here? Elbereth
 The Woodland-elf thrusts his runed dagger.
 The Woodland-elf hits!
 The Woodland-elf thrusts his runed short sword.
 The Woodland-elf hits!
 The Woodland-elf swings her runed broadsword.
 The Woodland-elf just misses!
 Something is written here in the dust.
 You read: "Elbereth".
 You see no objects here.
 You miss the Woodland-elf.
 The Woodland-elf thrusts his runed dagger.
 The Woodland-elf hits!
 You die...
 Do you want your possessions identified? [ynq] (y) y
 Do you want to see your attributes? [ynq] (y) n
 Do you want an account of creatures vanquished? [ynaq] (y) n
 Do you want to see your conduct and achievements? [ynq] (y) n
 Do you want to see the dungeon overview? [ynq] (y) n

Inventory:
 Coins    ('$')
  $ - 1554 gold pieces
 Weapons  (')')
  G - 5 blessed +1 daggers
  S - a +4 dagger
  K - 4 +0 daggers
  a - a +0 scalpel
  L - a blessed +1 aklys (tethered to right hand)
 Armor    ('[')
  U - an uncursed +0 orcish helm (being worn)
  b - an uncursed +1 pair of leather gloves (being worn)
  D - a blessed +0 dwarvish cloak
  Q - an uncursed +2 dwarvish cloak (being worn)
  v - an uncursed +0 dwarvish cloak
  R - an uncursed +0 dwarvish cloak
  q - an uncursed +0 studded leather armor (being worn)
 Comestibles  ('%')
  l - 4 uncursed apples
  M - an uncursed pancake
 Scrolls  ('?')
  r - a cursed scroll of identify
  i - an uncursed scroll of magic mapping
 Potions  ('!')
  f - 2 uncursed potions of extra healing
  e - a blessed potion of healing
  d - 3 uncursed potions of healing
  H - an uncursed potion of speed
 Wands    ('/')
  B - a wand of magic missile (0:0)
  h - a wand of sleep (0:4)
 Tools    ('(')
  Y - an uncursed bag of holding containing 1 item
  X - an empty uncursed sack
  O - a cursed magic lamp (lit)
  o - an uncursed skeleton key
  s - an uncursed stethoscope

Contents of the bag of holding:
  a +0 crossbow bolt

FalseGod the Healer's attributes:

Background:
 You were an Embalmer, a level 6 female human Healer.
 You were neutral, on a mission for Hermes
 who was opposed by Athena (lawful) and Poseidon (chaotic).
 You were right-handed.
 You were in the Gnomish Mines, on level 6.
 You entered the dungeon 2960 turns ago.
 It was nighttime.
 You had 445 experience points, 195 more were needed to attain level 7.

Basics:
 You had 0 out of 59 hit points.
 You had 2 out of 27 energy points (spell power).
 Your armor class was 2.
 Your wallet contained 1554 zorkmids.
 Autopickup was off.

Final Characteristics:
 Your strength was 12 (limit:18/100).
 Your dexterity was 9 (limit:18).
 Your constitution was 15 (limit:18).
 Your intelligence was 10 (limit:18).
 Your wisdom was 14 (limit:18).
 Your charisma was 18 (limit:18).

Final Status:
 You were hungry.
 You were unencumbered.
 You were wielding a club.
 You were skilled in club.

Final Attributes:
 You were piously aligned.
 Your items were somewhat protected from fire.
 Your items were somewhat protected from cold.
 You were poison resistant.
 You were warded.
 You are dead.

Miscellaneous:
 You didn't encounter any bones levels.
 Total elapsed playing time was 1 hour, 21 minutes and 58 seconds.

Major events:
 Turn
    1: FalseGod the neutral female human Healer entered the dungeon
  528: entered the Gnomish Mines
  860: attained the rank of Empiric (level 3)
 2345: reached Mine Town
 2670: attained the rank of Embalmer (level 6)
 2960: killed by a Woodland-elf

Spells:
 Name                 Level Category     Fail Retention
 healing                1   healing        1%   81%-90%
 extra healing          3   healing       17%   81%-90%
 stone to flesh         3   healing       36%   81%-90%
 identify               3   divination   100%  76%-100%

Skills:
 Fighting Skills
   bare handed combat [Unskilled]
 Weapon Skills
   dagger             [Unskilled]
   knife              [Basic]
   short sword        [Unskilled]
   saber              [Unskilled]
   club               [Skilled]
   mace               [Unskilled]
   quarterstaff       [Unskilled]
   polearms           [Unskilled]
   spear              [Unskilled]
   trident            [Unskilled]
   sling              [Unskilled]
   dart               [Unskilled]
   shuriken           [Unskilled]
   unicorn horn       [Unskilled]
 Spellcasting Skills
   healing spells     [Basic]

Voluntary challenges:
 Character rerolling was not enabled.
 You never genocided any monsters.
 You never polymorphed an object.
 You never changed form.
 You used no wishes.
Achievements:
 You entered the Gnomish Mines.
 You attained the rank of Empiric.
 You entered Minetown.
 You entered a shop.
 You entered a temple.
 You attained the rank of Embalmer.

 The Dungeons of Doom: levels 1 to 3
    Level 1:
       Some fountains.
    Level 2:
       A grave.
    Level 3:
       A fountain.
       Stairs down to The Gnomish Mines.
 The Gnomish Mines: levels 4 to 6
    Level 4: "books"
    Level 5:
    Level 6: <- You were here.
       Some shops, a temple and an altar, many fountains.
       Final resting place for
          you, killed by a Woodland-elf.


Vanquished creatures:
  a small mimic
  a dog
  a Woodland-elf
  2 Mordor orcs
 an orc shaman
  a rock mole
  5 gnome leaders
  a gnomish wizard
  a straw golem
  a giant ant
  a little dog
  a floating eye
  7 dwarves
  2 hill orcs
  3 iguanas
  2 gas spores
  a hobbit
  a hobgoblin
  a red mold
 27 gnomes
  2 geckos
  3 jackals
  a fox
  2 kobolds
  a goblin
  3 grid bugs
  3 lichens
  a kobold zombie
  a newt
78 creatures vanquished.

No species were genocided or became extinct.

Game over:
                       ----------
                      /          \
                     /    REST    \
                    /      IN      \
                   /     PEACE      \
                  /                  \
                  |     FalseGod     |
                  |     1554 Au      |
                  |   killed by a    |
                  |   Woodland-elf   |
                  |                  |
                  |                  |
                  |       2026       |
                 *|     *  *  *      | *
        _________)/\\_//(\/(/\)/\//\/|_)_______

Goodbye FalseGod the Healer...

You died in The Gnomish Mines on dungeon level 6 with 2060 points,
and 1554 pieces of gold, after 2960 moves.
You were level 6 with a maximum of 59 hit points when you died.

